 Dungeon Crawl Stone Soup version 0.29-a0-275-g389c0b56f3 (webtiles) character file.

Game seed: 15513864601169288821

1424 CryoSword the Grappler (level 8, -6/80 HPs)
             Began as a Troll Berserker on Mar 10, 2022.
             Was a Believer of Trog.
             Mangled by a vampire mosquito (11 damage)
             ... on level 6 of the Dungeon.
             The game lasted 00:05:33 (4010 turns).

CryoSword the Grappler (Troll Berserker)            Turns: 4010, Time: 00:05:34

Health: -6/80      AC:  0    Str: 26    XL:     8   Next: 44%
Magic:  7/7        EV: 10    Int:  5    God:    Trog [**....]
Gold:   358        SH:  0    Dex:  9    Spells: 7/7 levels left

rFire   . . .      SeeInvis .     - Unarmed
rCold   . . .      Faith    .   (no shield)
rNeg    . . .      Spirit   .   r - +0 steam dragon scales
rPois   .          Reflect  .   (helmet restricted)
rElec   .          Harm     .   p - +0 cloak
rCorr   .          Rampage  .   (gloves unavailable)
Will    .....                   (boots unavailable)
Stlth   +.........              (no amulet)
HPRegen 1.03/turn               (no ring)
MPRegen 0.10/turn               (no ring)

@: corroded
A: large, unfitting armour, claws 3, regeneration 1, shaggy fur 1, tough skin 1
a: Renounce Religion, Berserk, Trog's Hand


You were on level 6 of the Dungeon.
You worshipped Trog.
Trog was pleased with you.
You visited 1 branch of the dungeon, and saw 7 of its levels.

You collected 358 gold pieces.

Inventory:

Missiles
 c - 18 poisoned darts (quivered)
 y - a curare-tipped dart
Armour
 p - a +0 cloak (worn)
   (You took it off Crazy Yiuf on level 3 of the Dungeon)
 r - +0 steam dragon scales (worn)
   (You found it on level 4 of the Dungeon)
Jewellery
 h - a ring of ice
   (You found it on level 3 of the Dungeon)
Scrolls
 a - 2 scrolls of identify {unknown}
 b - 4 scrolls of fog
 i - a scroll of enchant armour {unknown}
 l - 2 scrolls of noise {unknown}
 n - 2 scrolls of magic mapping {unknown}
 u - a scroll of vulnerability {unknown}
 w - a scroll of holy word {unknown}
 x - 3 scrolls of teleportation {unknown}
Potions
 d - a potion of attraction {unknown}
 e - 2 potions of flight {unknown}
 f - 2 potions of degeneration {unknown}
 g - 2 potions of resistance {unknown}
 j - 3 potions of curing {unknown}
 k - a potion of magic
 m - a potion of heal wounds {unknown}
 o - 2 potions of brilliance {unknown}
 q - a potion of haste {unknown}
 s - a potion of mutation {unknown}
 t - 2 potions of ambrosia {unknown}
 v - a potion of berserk rage {unknown}


   Skills:
 + Level 5.0 Fighting
 + Level 5.0 Dodging
 * Level 8.0 Unarmed Combat


You had 7 spell levels left.
You didn't know any spells.
Your spell library was empty.

Dungeon Overview and Level Annotations

Branches:
Dungeon (7/15)
 Temple: D:4-7

Altars:


Innate Abilities, Weirdness & Mutations

You are too large for most types of armour.
You have claws for hands.
Your natural rate of healing is unusually fast.
You are covered in fur. (AC +1)
You have tough skin. (AC +1)


Message History

Found a stone staircase leading down.
There is a stone staircase leading down here.
You open the door.
A kobold comes into view. It is wielding a +0 short sword.
Found 13 gold pieces.
A kobold is nearby!
There is an open door here.
A kobold brigand comes into view.
It is wielding a +0 short sword and quivering curare-tipped darts.
Found 10 gold pieces.
You scratch the kobold but do no damage.
The kobold closely misses you.
You claw the kobold!
You kill the kobold!
Trog accepts your kill.
The kobold brigand throws a curare-tipped dart.
The curare-tipped dart hits you.
You are poisoned.
You have difficulty breathing.
You feel yourself slow down.
Unknown command.
A kobold comes into view. It is wielding a +0 club.
You feel very sick.
The kobold shouts!
Things that are here:
a +0 short sword; a kobold corpse You feel sick.
The kobold brigand throws a curare-tipped dart.
The curare-tipped dart hits you.
You are more poisoned.
You have difficulty breathing.
You feel as though you will be slow longer.
A red film seems to cover your vision as you go berserk!
You feel yourself moving faster!
You feel mighty!
You feel very sick.
The kobold brigand hits you with a +0 short sword.
You claw the kobold brigand!
You feel sick.
The kobold brigand hits you with a +0 short sword!
You closely miss the kobold brigand. Your claw misses the kobold brigand.
You feel sick. The kobold hits you with a +0 club.
The kobold brigand hits you but does no damage.
You closely miss the kobold brigand. You claw the kobold brigand.
You feel sick. The kobold brigand closely misses you. The kobold misses you.
You barely miss the kobold brigand.
You feel sick.
You completely miss the kobold brigand.
You feel sick. The kobold hits you but does no damage.
The kobold brigand misses you.
You claw the kobold brigand!
You feel sick. The kobold hits you but does no damage.
The kobold brigand hits you with a +0 short sword.
You mangle the kobold brigand!!
You kill the kobold brigand!
Trog accepts your kill.
You feel sick. The kobold hits you but does no damage.
Your Dodging skill increases to level 5!
You feel sick.
You are no longer poisoned.
The kobold hits you but does no damage.
You claw the kobold!
You kill the kobold!
Trog accepts your kill.
Things that are here:
a +0 club; a stone; a kobold corpse You feel a strong urge to attack something.
You are no longer berserk.
You are exhausted.
You feel as though you will be slow longer.
You now have 334 gold pieces (gained 13).
You now have 344 gold pieces (gained 10).
y - a curare-tipped dart You see here a +0 short sword.
You open the door.
There is an open door here.
You recover from your berserk rage.
You feel yourself speed up.
b - 4 scrolls of fog (gained 1)
There is a stone staircase leading down here.
There is an open door here.
Things that are here:
a +0 short sword; a kobold corpse You see here a +0 short sword.
As you open the door, it creaks loudly!
There is an open door here.
Found a war axe.
You see here a +0 war axe.
x - 3 scrolls labelled HAGRIN SEU (gained 1)
Found 14 stones.
You see here 14 stones.
Found a stone staircase leading up.
There is a stone staircase leading up here.
You climb upwards.
The jelly quivers.
Found 14 gold pieces and a robe.
There is a stone staircase leading down here.
You scratch the jelly.
Your claws burn!
You scratch the jelly. The acid corrodes you!
Your claws burn!
The jelly hits you. The acid corrodes you!
You are splashed with acid!
You scratch the jelly but do no damage. The acid corrodes you!
Your claws burn!
The jelly closely misses you.
You claw the jelly!
You kill the jelly!
Trog accepts your kill.
Your Fighting skill increases to level 5!
Your Unarmed Combat skill increases to level 8!
No target in view!
You now have 358 gold pieces (gained 14).
A vampire mosquito comes into view.
The vampire mosquito buzzes angrily.
You hear an angry buzzing noise. x3
A vampire mosquito comes into view. x2
The vampire mosquito moves out of view.
A vampire mosquito comes into view.
There are monsters nearby!
There are monsters nearby!
You claw the vampire mosquito! The vampire mosquito bites you.
The vampire mosquito draws strength from your injuries!
You scratch the vampire mosquito but do no damage.
The vampire mosquito barely misses you.
You miss the vampire mosquito. The vampire mosquito bites you!
The vampire mosquito draws strength from your injuries!
You closely miss the vampire mosquito. The vampire mosquito barely misses you.
The vampire mosquito bites you.
The vampire mosquito draws strength from your injuries!
The vampire mosquito closely misses you.
You completely miss the vampire mosquito.
The vampire mosquito misses you. The vampire mosquito bites you!
The vampire mosquito draws strength from your injuries!
The vampire mosquito bites you.
The vampire mosquito draws strength from your injuries!
The vampire mosquito bites you!
The vampire mosquito draws strength from your injuries!
The vampire mosquito attacks as you move away!
The vampire mosquito bites you!
* * * LOW HITPOINT WARNING * * *
The vampire mosquito draws strength from your injuries!
The vampire mosquito barely misses you. The vampire mosquito bites you.
* * * LOW HITPOINT WARNING * * *
The vampire mosquito draws strength from your injuries!
The vampire mosquito bites you.
* * * LOW HITPOINT WARNING * * *
The vampire mosquito draws strength from your injuries!
The vampire mosquito barely misses you. The vampire mosquito bites you!
* * * LOW HITPOINT WARNING * * *
The vampire mosquito draws strength from your injuries!
It was a potion of magic.
Magic courses through your body. The vampire mosquito bites you!
* * * LOW HITPOINT WARNING * * *
The vampire mosquito draws strength from your injuries!
The vampire mosquito bites you!
* * * LOW HITPOINT WARNING * * *
The vampire mosquito draws strength from your injuries!
The vampire mosquito bites you!
You die...

.. .. #.# ....[.#
.##.# ......# ...#
......# ..##.....##
...#######..#.......
....!.yy@...........
....###yy...........
. ..........>.......
.#####............
#............
#.....#######
#.....# #.....#
#######


You could see 4 vampire mosquitoes.

Vanquished Creatures
  Grinder (D:4)
  A steam dragon (D:4)
  A water moccasin (D:7)
  An orc warrior (D:7)
  A black bear (D:7)
  2 ogres
  A kobold brigand (D:7)
  A bullfrog (D:7)
  2 orc priests (D:3)
  2 hounds (D:5)
  Crazy Yiuf (D:3)
  2 jellies
  Ijyb (D:4)
  An iguana (D:3)
  An orc wizard (D:3)
  3 gnolls (D:4)
  6 adders
  A shadow imp (D:5)
  A white imp (D:7)
  An ufetubus (D:4)
  2 dart slugs
  18 orcs
  2 bats
  8 endoplasms
  5 giant cockroaches
  10 goblins
  8 hobgoblins
  10 kobolds
  8 quokkas
  4 ball pythons
  3 frilled lizards
  4 rats
113 creatures vanquished.

Notes
Turn   | Place    | Note
-------+----------+-------------------------------------------
     0 | D:1      | CryoSword the Troll Berserker began the quest for the Orb.
     0 | D:1      | Reached XP level 1. HP: 22/22 MP: 0/0
    49 | D:1      | Found a faded altar of an unknown god.
   195 | D:1      | Reached XP level 2. HP: 20/29 MP: 1/1
   545 | D:1      | Reached XP level 3. HP: 36/36 MP: 2/2
   549 | D:1      | Reached ** piety under Trog
  1184 | D:2      | Reached skill level 4 in Unarmed Combat
  1444 | D:3      | Reached XP level 4. HP: 45/45 MP: 3/3
  1820 | D:3      | Reached XP level 5. HP: 51/53 MP: 4/4
  2112 | D:3      | Reached skill level 5 in Unarmed Combat
  2234 | D:3      | Found a runed translucent door.
  2235 | D:3      | Noticed Crazy Yiuf
  2261 | D:3      | Noticed an ogre
  2264 | D:3      | Killed an ogre
  2265 | D:3      | Reached XP level 6. HP: 61/61 MP: 5/5
  2340 | D:3      | Killed Crazy Yiuf
  2530 | D:4      | Noticed Grinder
  2543 | D:4      | Killed Grinder
  2544 | D:4      | Reached skill level 6 in Unarmed Combat
  2544 | D:4      | Reached XP level 7. HP: 68/68 MP: 6/6
  2708 | D:4      | Noticed a steam dragon
  2722 | D:4      | Killed a steam dragon
  2982 | D:4      | Noticed Ijyb
  2993 | D:4      | Killed Ijyb
  3221 | D:5      | Entered Level 5 of the Dungeon
  3349 | D:5      | Reached skill level 7 in Unarmed Combat
  3383 | D:5      | You fall into a shaft and drop 2 floors!
  3424 | D:7      | Reached XP level 8. HP: 61/79 MP: 7/7
  3780 | D:7      | Reached skill level 5 in Dodging
  3981 | D:6      | Reached skill level 5 in Fighting
  3981 | D:6      | Reached skill level 8 in Unarmed Combat
  4010 | D:6      | Mangled by a vampire mosquito

Illustrated notes

Levels and vault maps discovered:
D:1:      heliophobic_arrival_enchanted_forest, layout_basic,
          hellmonk_ecumenical_altar_pennies_from_heaven, minmay_surrounded
D:2:      layout_loops_ring
D:3:      cheibrodos_pilgrimage, layout_basic, grunt_ministairs_6,
          kennysheep_generic_room_5, uniq_crazy_yiuf_cottage
D:4:      layout_basic, amcnicky_mini_rare_corridor_liquid, uniq_grinder,
          uniq_ijyb
D:5:      layout_cave_pools, lightli_temple_of_fire, serial_column_ruins,
          column_ruins_grid_1, column_ruins_grid_1, column_ruins_grid_1,
          column_ruins_columns_T, column_ruins_open_small
D:6:      layout_rooms, minmay_temple_entry_mini_moons, serial_shops, shop,
          nicolae_shop_self_help
D:7:      minmay_inner_zag, layout_loops_corners

Skill      XL: |  1  2  3  4  5  6  7  8 |
---------------+-------------------------+-----
Unarmed Combat | 4 5 6 7 8 |  8.0
Fighting       | 3 4 5 |  5.0
Dodging        | 3 4 5 |  5.0

Action                   |  1- 3 |  4- 6 |  7- 9 || total
-------------------------+-------+-------+-------++-------
Melee: Unarmed           |    84 |    81 |   118 ||   283
       Punch             |     2 |     2 |     5 ||     9
Invok: Berserk           |       |     4 |     4 ||     8
       Trog's Hand       |       |     3 |     2 ||     5
  Use: Scroll            |     4 |       |       ||     4
       Potion            |       |       |     1 ||     1
 Stab: Sleeping          |     2 |       |     1 ||     3
Armor: Animal skin       |    16 |    14 |     9 ||    39
       Steam dragon scal |       |       |    30 ||    30
Dodge: Dodged            |    38 |    27 |    64 ||   129

Table legend: (Time is in decaauts)
 A = Elapsed time spent in this place.
 B = Non-inter-level travel time spent in this place.
 C = Inter-level travel time spent in this place.
 D = Time resting spent in this place.
 E = Time spent auto-exploring this place.
 F = Levels seen in this place.
 G = Mean time per level.
                   A        B        C        D        E       F      G
               +--------+--------+--------+--------+--------+-----+--------+
         Total |   4053 |   3891 |    162 |    118 |   3033 |   7 |  579.0 |
       Dungeon |   4053 |   3891 |    162 |    118 |   3033 |   7 |  579.0 |
               +--------+--------+--------+--------+--------+-----+--------+

Top non-repeatable levels by time:
     D:3: 1026 daAuts
     D:4: 820 daAuts
     D:2: 716 daAuts
     D:1: 670 daAuts
     D:7: 621 daAuts
     D:5: 165 daAuts
     D:6: 32 daAuts
